AoeStats
← Canned Banana

Golden Pit

509783419Analyzed
1v1 RM · 3d ago on Sep 28, 2026· 55m 14s· 2 players
Game mode
Random Map
Map size
Tiny (2 player)
Population
200
Speed
Normal
Resources
Standard
Victory
Conquest
Starting age
Dark Age
Ending age
Imperial Age
RankedLock teamsTeams togetherTeam positionsShared explorationLock speedFull tech treeHidden civsTurbo modeCheats
Victory
Defeat
🇺🇸 Byzantines · United States
779
+16
🇲🇽 Saxons · Mexico
789
-16
Canned Banana
2:48 Loom
11:30 Feudal Age
12:00 Horse Collar
12:08 Double-Bit Axe
14:50 Wheelbarrow
20:53 Castle Age
19:06 Fletching
22:03 Hand Cart
22:16 Murder Holes
22:42 Ballistics
22:58 Bodkin Arrow
24:42 Stone Mining
25:17 Treadmill Crane
26:34 Stone Shaft Mining
28:06 Gold Mining
29:26 Heavy Plow
32:16 Gold Shaft Mining
32:39 Bow Saw
37:37 Imperial Age
35:31 Scale Barding Armor
35:38 Forging
38:35 Logistica
37:46 Elite Cataphract
39:11 Bracer
43:45 Crop Rotation
43:55 Iron Casting
43:41 Chain Barding Armor
46:54 Two-Man Saw
45:45 Elite Cataphract
47:24 Plate Barding Armor
NF I Odysseo
11:06 Feudal Age
9:41 Loom
12:58 Double-Bit Axe
18:00 Castle Age
20:01 Gambesons
21:06 Squires
22:02 Bow Saw
41:27 Forging
41:18 Scale Mail Armor
44:39 Horse Collar
47:50 Imperial Age
45:57 Wheelbarrow
49:03 Conscription
49:21 Gold Mining
49:25 Stone Mining
51:29 Atonement
51:46 Fletching
52:32 Iron Casting
53:40 Elite Hearth Troop
Connection lost

Rejoining the realm…

Still unreachable

The connection could not be restored.

Session expired

The server has moved on; the page needs a fresh start.